3L
BROOKLYN DODGERS @ MONTANA PANDAS
09/05/2039
 
TOP OF THE 1ST
Brooklyn Dodgers batting - Pitching for Montana Pandas : RHP José Ruíz
Pitching: RHP José Ruíz
Batting: LHB Alexis Raimbault 0-0: Ball
1-0: Called Strike
1-1: Ground out 6-3 (Groundball, 6, EV 78.8 MPH)
Batting: LHB Tony Wonder 0-0: Ball
1-0: Swinging Strike
1-1: Foul Ball, location: 2F
1-2: Foul Ball, location: 2F
1-2: Ball
2-2: Strikes out swinging
Batting: RHB Carlos Muńóz 0-0: Called Strike
0-1: Ball
1-1: Foul Ball, location: 2F
1-2: Ball
2-2: Ball
3-2: Strikes out swinging
Top of the 1st over - 0 runs, 0 hits, 0 errors, 0 left on base; Brooklyn 0 - Montana 0
BOTTOM OF THE 1ST
Montana Pandas batting - Pitching for Brooklyn Dodgers : RHP Rod Watts
Pitching: RHP Rod Watts
Batting: RHB Urs van Munster 0-0: Ball
1-0: Ground out 5-3 (Groundball, 56, EV 86.2 MPH)
Batting: SHB Tom Dickinson 0-0: Called Strike
0-1: Ground out 5-3 (Groundball, 56, EV 82.5 MPH)
Batting: LHB Javier Sánchez 0-0: Ball
1-0: Ball
2-0: Called Strike
2-1: Ball
3-1: Called Strike
3-2: Strikes out swinging
Bottom of the 1st over - 0 runs, 0 hits, 0 errors, 0 left on base; Brooklyn 0 - Montana 0
TOP OF THE 2ND
Brooklyn Dodgers batting - Pitching for Montana Pandas : RHP José Ruíz
Batting: LHB Richello Mabait 0-0: Ball
1-0: Ball
2-0: Ball
3-0: SOLO HOME RUN (Flyball, 7D, EV 98.8 MPH), Distance : 366 ft
Batting: LHB Jung-joon Yi 0-0: Called Strike
0-1: Ball
1-1: Ball
2-1: Fly out, F4 (Popup, 4, EV 56.2 MPH)
Batting: LHB Hugh Hill 0-0: Called Strike
0-1: Ground out 6-3 (Groundball, 6D, EV 81.2 MPH)
Batting: RHB Quindarious Monday 0-0: Foul Ball, location: 2F
0-1: Ball
1-1: Swinging Strike
1-2: Fly out, F8 (Line Drive, 8RD, EV 90.0 MPH)
Top of the 2nd over - 1 run, 1 hit, 0 errors, 0 left on base; Brooklyn 1 - Montana 0
BOTTOM OF THE 2ND
Montana Pandas batting - Pitching for Brooklyn Dodgers : RHP Rod Watts
Batting: LHB DeMarvion Overshown 0-0: Foul Ball, location: 2F
0-1: Ball
1-1: Ball
2-1: Called Strike
2-2: Foul Ball, location: 2F
2-2: Ball
3-2: Base on Balls
Batting: RHB Wilbur Davis 0-0: Ball
1-0: Foul Ball, location: 2F
Pickoff Throw to First - Out! 1-3
1-1: Ball
2-1: Swinging Strike
2-2: Foul Ball, location: 2F
2-2: Fly out, F3 (Popup, 3L, EV 80.0 MPH)
Batting: RHB Edgar Baeza 0-0: SINGLE (Line Drive, 6D, EV 98.8 MPH)
Batting: RHB Juanito González 0-0: Ball
1-0: Called Strike
1-1: SINGLE (Line Drive, 6M, EV 109.4 MPH)
Edgar Baeza to second
Batting: SHB Manu Pakkarinen 0-0: Called Strike
0-1: Ball
1-1: Called Strike
1-2: Foul Ball, location: 2F
1-2: Foul Ball, location: 2F
1-2: Strikes out swinging
Bottom of the 2nd over - 0 runs, 2 hits, 0 errors, 2 left on base; Brooklyn 1 - Montana 0
TOP OF THE 3RD
Brooklyn Dodgers batting - Pitching for Montana Pandas : RHP José Ruíz
Batting: SHB Alvin Peterson 0-0: Ball
1-0: SINGLE (Groundball, 34D, EV 112.5 MPH)
Batting: RHB Steve Pugh 0-0: Ball
1-0: Swinging Strike
1-1: Fielders Choice at 2nd, 5-4 (Groundball, 56S, EV 87.5 MPH)
Batting: LHB Alexis Raimbault 0-0: DOUBLE (Groundball, 3L, EV 100.6 MPH)
Steve Pugh to third
Runner from 3rd tries for Home, SAFE, throw by RF to home
Batting: LHB Tony Wonder 0-0: Ball
1-0: SINGLE (Groundball, 5, EV 85.6 MPH) (infield hit)
Alexis Raimbault to third
Batting: RHB Carlos Muńóz 0-0: Ball
1-0: Ball
2-0: Foul Ball, location: 2F
2-1: Fly out, F9 (Flyball, 9LMF, EV 78.1 MPH)
Runner from 3rd tags up, OUT at HOME! 9-2
Top of the 3rd over - 1 run, 3 hits, 0 errors, 1 left on base; Brooklyn 2 - Montana 0
BOTTOM OF THE 3RD
Montana Pandas batting - Pitching for Brooklyn Dodgers : RHP Rod Watts
Batting: LHB Yin-reng Hsueh 0-0: Swinging Strike
0-1: Foul Ball, location: 2F
0-2: Ball
1-2: Foul Ball, location: 2F
1-2: Strikes out swinging
Batting: RHB Urs van Munster 0-0: Ground out 5-3 (Groundball, 56, EV 90.6 MPH)
Batting: SHB Tom Dickinson 0-0: Ball
1-0: Ball
2-0: Ball
3-0: Called Strike
3-1: Foul Ball, location: 2F
3-2: Base on Balls
Batting: LHB Javier Sánchez 0-0: Ball
1-0: Called Strike
1-1: Fly out, F2 (Popup, 2L, EV 87.5 MPH)
Bottom of the 3rd over - 0 runs, 0 hits, 0 errors, 1 left on base; Brooklyn 2 - Montana 0
TOP OF THE 4TH
Brooklyn Dodgers batting - Pitching for Montana Pandas : RHP José Ruíz
Batting: LHB Richello Mabait 0-0: Swinging Strike
0-1: Swinging Strike
0-2: Strikes out looking
Batting: LHB Jung-joon Yi 0-0: Swinging Strike
0-1: Ball
1-1: Ball
2-1: Swinging Strike
2-2: Foul Ball, location: 2F
2-2: Ball
3-2: DOUBLE (Line Drive, 78D, EV 111.9 MPH)
Batting: LHB Hugh Hill 0-0: Ground out 6-3 (Groundball, 6, EV 81.9 MPH)
Batting: RHB Quindarious Monday 0-0: Called Strike
0-1: Ground out 5-3 (Groundball, 56S, EV 91.9 MPH)
Top of the 4th over - 0 runs, 1 hit, 0 errors, 1 left on base; Brooklyn 2 - Montana 0
BOTTOM OF THE 4TH
Montana Pandas batting - Pitching for Brooklyn Dodgers : RHP Rod Watts
Batting: LHB DeMarvion Overshown 0-0: Swinging Strike
0-1: SOLO HOME RUN (Line Drive, 7D, EV 101.9 MPH), Distance : 354 ft
Batting: RHB Wilbur Davis 0-0: Swinging Strike
0-1: Ball
1-1: Swinging Strike
1-2: Ball
2-2: Foul Ball, location: 2F
2-2: Foul Ball, location: 2F
2-2: Foul Ball, location: 2F
2-2: Ball
3-2: Strikes out looking
Batting: RHB Edgar Baeza 0-0: Ball
1-0: Ball
2-0: Ball
3-0: Called Strike
3-1: Foul Ball, location: 2F
3-2: Base on Balls
Batting: RHB Juanito González 0-0: Foul Ball, location: 2F
0-1: Ball
1-1: Grounds into double play, 6-4-3 (Groundball, 6, EV 87.5 MPH)
Bottom of the 4th over - 1 run, 1 hit, 0 errors, 0 left on base; Brooklyn 2 - Montana 1
TOP OF THE 5TH
Brooklyn Dodgers batting - Pitching for Montana Pandas : RHP José Ruíz
Batting: SHB Alvin Peterson 0-0: Ball
1-0: Foul Ball, location: 2F
1-1: Called Strike
1-2: Ground out 6-3 (Groundball, 6, EV 102.5 MPH)
Batting: RHB Steve Pugh 0-0: Ball
1-0: Ball
2-0: Called Strike
2-1: Swinging Strike
2-2: Fly out, F6 (Line Drive, 6, EV 72.5 MPH)
Batting: LHB Alexis Raimbault 0-0: Called Strike
0-1: Called Strike
0-2: Ball
1-2: Ground out 4-3 (Groundball, 4S, EV 68.1 MPH)
Top of the 5th over - 0 runs, 0 hits, 0 errors, 0 left on base; Brooklyn 2 - Montana 1
BOTTOM OF THE 5TH
Montana Pandas batting - Pitching for Brooklyn Dodgers : RHP Rod Watts
Batting: SHB Manu Pakkarinen 0-0: Called Strike
0-1: Ball
1-1: Called Strike
1-2: Fly out, F6 (Popup, 6D, EV 58.8 MPH)
Batting: LHB Yin-reng Hsueh 0-0: Ball
1-0: SINGLE (Line Drive, 4D, EV 105.6 MPH)
Batting: RHB Urs van Munster 0-0: Foul Ball, location: 2F
0-1: Called Strike
0-2: Foul Ball, location: 2F
0-2: Ball
1-2: Ball
2-2: Fly out, F7 (Flyball, 7LS, EV 90.6 MPH)
Batting: SHB Tom Dickinson 0-0: Called Strike
0-1: Ball
Wild Pitch!
Yin-reng Hsueh to second
1-1: Ball
2-1: Ball
3-1: Called Strike
3-2: 2-RUN HOME RUN (Flyball, 9D, EV 90.6 MPH), Distance : 353 ft
Batting: LHB Javier Sánchez 0-0: Ball
1-0: Foul Ball, location: 2F
1-1: SINGLE (Groundball, 6D, EV 101.9 MPH)
Batting: LHB DeMarvion Overshown 0-0: Foul Ball, location: 2F
0-1: Swinging Strike
0-2: Ball
1-2: Foul Ball, location: 2F
1-2: Ball
2-2: Ground out 4-3 (Groundball, 4D, EV 89.4 MPH)
Bottom of the 5th over - 2 runs, 3 hits, 0 errors, 1 left on base; Brooklyn 2 - Montana 3
TOP OF THE 6TH
Brooklyn Dodgers batting - Pitching for Montana Pandas : RHP José Ruíz
Batting: LHB Tony Wonder 0-0: Foul Ball, location: 2F
0-1: DOUBLE (Line Drive, 7LM, EV 108.1 MPH)
Batting: RHB Carlos Muńóz 0-0: Foul Ball, location: 2F
0-1: Swinging Strike
0-2: Strikes out swinging
Batting: LHB Richello Mabait 0-0: Called Strike
Tony Wonder is caught stealing 3rd base 2-5
0-1: Ball
1-1: Ground out 6-3 (Groundball, 6, EV 76.2 MPH)
Top of the 6th over - 0 runs, 1 hit, 0 errors, 0 left on base; Brooklyn 2 - Montana 3
BOTTOM OF THE 6TH
Montana Pandas batting - Pitching for Brooklyn Dodgers : RHP Rod Watts
Batting: RHB Wilbur Davis 0-0: SINGLE (Line Drive, 5D, EV 96.2 MPH)
Pitching: RHP Shawn Williams
Batting: RHB Edgar Baeza 0-0: Called Strike
0-1: Grounds into double play, 6-4-3 (Groundball, 6S, EV 77.5 MPH)
Batting: RHB Juanito González 0-0: Called Strike
0-1: Swinging Strike
0-2: Fly out, F8 (Flyball, 8LS, EV 90.6 MPH)
Bottom of the 6th over - 0 runs, 1 hit, 0 errors, 0 left on base; Brooklyn 2 - Montana 3
TOP OF THE 7TH
Brooklyn Dodgers batting - Pitching for Montana Pandas : RHP José Ruíz
Batting: LHB Jung-joon Yi 0-0: Swinging Strike
0-1: Ball
1-1: Swinging Strike
1-2: Strikes out swinging
Batting: LHB Hugh Hill 0-0: Foul Ball, location: 2F
0-1: Foul Ball, location: 2F
0-2: Foul Ball, location: 2F
0-2: SINGLE (Groundball, 34D, EV 94.4 MPH)
Batting: RHB Quindarious Monday 0-0: SINGLE (Groundball, 6MD, EV 96.9 MPH)
Hugh Hill to second
Pinch Hitting: RHB Bill Chaundler 0-0: Grounds into double play, 6-4-3 (Groundball, 56, EV 86.2 MPH)
Top of the 7th over - 0 runs, 2 hits, 0 errors, 1 left on base; Brooklyn 2 - Montana 3
BOTTOM OF THE 7TH
Montana Pandas batting - Pitching for Brooklyn Dodgers : RHP Shawn Williams
Now at 2B: John Núńes
Batting: SHB Manu Pakkarinen 0-0: Swinging Strike
0-1: Ball
1-1: Fly out, F7 (Flyball, 7S, EV 88.8 MPH)
Batting: LHB Yin-reng Hsueh 0-0: Called Strike
0-1: Ball
1-1: Ball
2-1: Called Strike
2-2: Ball
3-2: Base on Balls
Batting: RHB Urs van Munster 0-0: Ball
1-0: Ball
2-0: Ball
3-0: Base on Balls
Yin-reng Hsueh to second
Batting: SHB Tom Dickinson 0-0: Ball
1-0: Swinging Strike
1-1: Called Strike
1-2: SINGLE (Line Drive, 4M, EV 99.4 MPH)
Yin-reng Hsueh to third
Urs van Munster to second
Batting: LHB Javier Sánchez 0-0: Ball
1-0: Called Strike
1-1: Foul Ball, location: 2F
1-2: Foul Ball, location: 2F
1-2: Strikes out swinging
Batting: LHB DeMarvion Overshown 0-0: Called Strike
0-1: Ball
1-1: Foul Ball, location: 2F
1-2: Ball
2-2: Ball
3-2: Foul Ball, location: 2F
3-2: Foul Ball, location: 2F
3-2: Base on Balls
Yin-reng Hsueh scores
Urs van Munster to third
Tom Dickinson to second
Batting: RHB Wilbur Davis 0-0: Fly out, F7 (Flyball, 78S, EV 81.9 MPH)
Bottom of the 7th over - 1 run, 1 hit, 0 errors, 3 left on base; Brooklyn 2 - Montana 4
TOP OF THE 8TH
Brooklyn Dodgers batting - Pitching for Montana Pandas : RHP José Ruíz
Now at 1B: Tsai Ng
Batting: RHB Steve Pugh 0-0: DOUBLE (Line Drive, 7LD, EV 107.5 MPH)
Batting: LHB Alexis Raimbault 0-0: Called Strike
0-1: Called Strike
0-2: Ground out 4-3 (Groundball, 4, EV 85.6 MPH)
Steve Pugh to third
Batting: LHB Tony Wonder 0-0: Ball
1-0: SINGLE (Line Drive, 56D, EV 94.4 MPH)
Steve Pugh scores
Pitching: LHP Ricky McCauley
Batting: RHB Carlos Muńóz 0-0: Ball
1-0: Fly out, F7 (Line Drive, 7D, EV 94.4 MPH)
Batting: LHB Richello Mabait 0-0: Called Strike
0-1: Ball
Tony Wonder is caught stealing 2nd base 2-6
Top of the 8th over - 1 run, 2 hits, 0 errors, 0 left on base; Brooklyn 3 - Montana 4
BOTTOM OF THE 8TH
Montana Pandas batting - Pitching for Brooklyn Dodgers : RHP Shawn Williams
Batting: RHB Edgar Baeza 0-0: Ball
1-0: Ball
2-0: Ball
3-0: Foul Ball, location: 2F
3-1: Base on Balls
Pitching: RHP Cliff Claven
Batting: RHB Juanito González 0-0: Called Strike
0-1: Ball
1-1: SINGLE (Flyball, 78S, EV 94.4 MPH)
Edgar Baeza to second
Batting: SHB Manu Pakkarinen 0-0: Fielders Choice at 2nd, 6-4 (Groundball, 6M, EV 85.6 MPH)
Edgar Baeza to third
Batting: LHB Yin-reng Hsueh 0-0: Called Strike
0-1: SINGLE (Groundball, 6D, EV 101.9 MPH)
Edgar Baeza scores
Manu Pakkarinen to second
Batting: RHB Urs van Munster 0-0: Ball
1-0: Fielders Choice at 2nd, 6-4 (Groundball, 6, EV 84.4 MPH)
Manu Pakkarinen to third
Batting: SHB Tom Dickinson 0-0: Ball
1-0: Swinging Strike
1-1: Ball
2-1: DOUBLE (Line Drive, 7LM, EV 93.1 MPH)
Manu Pakkarinen scores
Urs van Munster to third
Runner from 3rd tries for Home, SAFE, no throw by LF
Batting: LHB Tsai Ng 0-0: Ball
1-0: Called Strike
1-1: SINGLE (Flyball, 7LS, EV 86.2 MPH)
Tom Dickinson to third
Batting: LHB DeMarvion Overshown 0-0: SINGLE (Groundball, 34, EV 77.5 MPH) (infield hit)
Tom Dickinson scores
Tsai Ng to second
Batting: RHB Wilbur Davis 0-0: Foul Ball, location: 2F
0-1: SINGLE (Groundball, 6MD, EV 103.1 MPH)
Tsai Ng to third
DeMarvion Overshown to second
Runner from 3rd tries for Home, SAFE, throw by CF to home
Pitching: RHP Ramón Granados
Batting: RHB Edgar Baeza 0-0: Ball
1-0: Called Strike
1-1: Foul Ball, location: 2F
1-2: Ball
2-2: Strikes out looking
Bottom of the 8th over - 5 runs, 6 hits, 0 errors, 2 left on base; Brooklyn 3 - Montana 9
TOP OF THE 9TH
Brooklyn Dodgers batting - Pitching for Montana Pandas : LHP Ricky McCauley
Batting: LHB Richello Mabait 0-0: Swinging Strike
0-1: Ball
1-1: Ground out 6-3 (Groundball, 6S, EV 80.0 MPH)
Batting: LHB Jung-joon Yi 0-0: Called Strike
0-1: Foul Ball, location: 2F
0-2: Ball
1-2: Foul Ball, location: 2F
1-2: SINGLE (Groundball, 34D, EV 96.9 MPH)
Batting: LHB Hugh Hill 0-0: Ball
1-0: Ball
2-0: Fielders Choice at 2nd, 6-4 (Groundball, 6, EV 97.5 MPH)
Batting: RHB Quindarious Monday 0-0: Called Strike
0-1: Ball
Wild Pitch!
Hugh Hill to second
1-1: Ground out U3 (Groundball, 34S, EV 88.8 MPH)
Top of the 9th over - 0 runs, 1 hit, 0 errors, 1 left on base; Brooklyn 3 - Montana 9
Wednesday, July 8th, 2020 - OOTP Baseball 20.8 Build 74